 Dungeon Crawl Stone Soup version 0.24-a0-549-g45f0056 (webtiles) character file.

Game seed: 16917388929329311407

20 Bobit the Shooter (level 2, 0/17 HPs)
             Began as a Tengu Hunter on Aug 19, 2019.
             Slain by a goblin
             ... wielding a +0 dagger
              (4 damage)
             ... on level 3 of the Dungeon.
             The game lasted 00:01:00 (364 turns).

Bobit the Shooter (Tengu Hunter)                     Turns: 364, Time: 00:01:01

Health: 0/17       AC:  3    Str: 12    XL:     2   Next: 79%
Magic:  3/3        EV: 12    Int: 11    God:
Gold:   15         SH:  0    Dex: 14    Spells: 1/1 levels left

rFire    . . .     SeeInvis .   a - +1 shortbow
rCold    . . .     Gourm    .   (shield currently unavailable)
rNeg     . . .     Faith    .   c - +0 leather armour
rPois    .         Spirit   .   (helmet restricted)
rElec    .         Reflect  .   (no cloak)
rCorr    .         Harm     .   (no gloves)
MR       .....                  (boots unavailable)
Stlth    +.........             (no amulet)
HPRegen  0.05/turn              (no ring)
MPRegen  0.08/turn              (no ring)

@: no status effects
A: beak, talons 3
a: no special abilities


You were on level 3 of the Dungeon.
You were not hungry.

You visited 1 branch of the dungeon, and saw 3 of its levels.

You collected 15 gold pieces.

Inventory:

Hand Weapons
 a - a +1 shortbow (weapon)
 b - a +0 short sword
Missiles
 d - 14 arrows (quivered)
Armour
 c - a +0 leather armour (worn)
Scrolls
 h - a scroll of identify {unknown}
Potions
 e - a potion of curing {unknown}
 g - a potion of flight {unknown}
 i - a potion of haste {unknown}
 j - 2 potions of agility {unknown}
Comestibles
 f - a ration


   Skills:
 + Level 2.0 Fighting
 + Level 5.2 Bows
 + Level 0.2 Armour
 + Level 2.2 Dodging
 + Level 1.0 Stealth


You had one spell level left.
You didn't know any spells.
Your spell library was empty.

Dungeon Overview and Level Annotations

Branches:
Dungeon (3/15)

Altars:


Innate Abilities, Weirdness & Mutations

You have a beak for a mouth.
You have claws for feet.


Message History

The goblin barely misses you.
The hobgoblin shouts!
The hobgoblin barely misses you.
There is a stone staircase leading down here.
The goblin hits you but does no damage. The hobgoblin hits you.
You climb downwards.
Found a coppery potion.
There is a stone staircase leading up here.
The goblin barely misses you. The hobgoblin hits you.
The goblin barely misses you. The hobgoblin closely misses you.
The goblin hits you but does no damage. The hobgoblin closely misses you.
The goblin hits you with a +0 dagger. The hobgoblin hits you.
* * * LOW HITPOINT WARNING * * *
The goblin hits you with a +0 dagger.
* * * LOW HITPOINT WARNING * * *
The hobgoblin closely misses you. The goblin hits you but does no damage.
The hobgoblin closely misses you. The goblin hits you but does no damage.
The hobgoblin misses you. The goblin hits you with a +0 dagger.
You die...

#....###..
........
#.#....##
.......
..###!....#
..........###..
#...gg......
#@# ........#
.#.####.# ...
#.. .... #...
#....


You could see a hobgoblin and a goblin.

Vanquished Creatures
  2 leopard geckos (D:1)
  A hobgoblin (D:1)
  3 jackals (D:1)
  A ball python (D:1)
  4 bats (D:1)
  A frilled lizard (D:1)
  2 goblins (D:1)
  2 kobolds (D:1)
  A rat (D:1)
17 creatures vanquished.

Notes
Turn   | Place    | Note
-------+----------+-------------------------------------------
     0 | D:1      | Bobit the Tengu Hunter began the quest for the Orb.
     0 | D:1      | Reached XP level 1. HP: 12/12 MP: 2/2
   112 | D:1      | Reached XP level 2. HP: 14/17 MP: 3/3
   235 | D:1      | Reached skill level 5 in Bows
   364 | D:3      | Slain by a goblin

Levels and vault maps discovered:
D:1:      wheals_arrival_shading, layout_basic
D:2:      layout_rooms, grunt_temple_overflow_order_and_chaos_1,
          chequers_ecumenical_altar_island
D:3:      layout_basic, corexii_shack, nicolae_ru_sacrificial_ziggurat

Skill      XL: |  1  2 |
---------------+-------+-----
Bows           | 5 |  5.2
Fighting       | |  2.0
Armour         | |  0.2
Dodging        | |  2.2
Stealth        | |  1.0

Action                   || total
-------------------------++-------
 Fire: Shortbow          ||    37
Armor: Leather armour    ||     7
Dodge: Dodged            ||    13

Table legend:
 A = Non-vault XP
 B = Vault XP
 C = Vault XP percentage of total XP
 D = Non-vault monster count
 E = Vault monster count
 F = Vault count percentage of total count
                 A         B        C        D         E       F
            +---------+---------+-------+---------+---------+-------
      Total |      29 |       0 |   0.0 |      17 |       0 |   0.0
            +---------+---------+-------+---------+---------+-------
        D:1 |      29 |       0 |   0.0 |      17 |       0 |   0.0
            +---------+---------+-------+---------+---------+-------
